 Dungeon Crawl Stone Soup version 0.31-a0-430-gf8416d752b (webtiles) character file.

Game seed: 8339388165702374347

10314 AdnanSaban the Basher (level 11, -2/68 HPs)
             Began as a Gargoyle Fighter on July 31, 2023.
             Was a High Priest of Okawaru.
             Slain by a wraith (8 damage)
             ... on level 10 of the Dungeon.
             The game lasted 00:12:59 (13208 turns).

AdnanSaban the Basher (Gargoyle Fighter)           Turns: 13208, Time: 00:12:59

Health: -2/68      AC: 26    Str: 24    XL:     11   Next: 60%
Magic:  0/5        EV:  8    Int: 16    God:    Okawaru [*****.]
Gold:   682        SH:  6    Dex: 18    Spells: 10/10 levels left

rFire   . . .        s - +4 flail (freeze)
rCold   + . .        c - +0 buckler
rNeg    + + +        L - +0 plate armour
rPois   ∞            R - +2 hat "Etuchedu" {rN+ Dex+3}
rElec   +            (no cloak)
rCorr   +            F - +0 pair of gloves
SInv    .            Q - +0 pair of boots
Will    .....        b - amulet "Tehupesy" {Spirit rC+ rN+ MP-9 Int+7} Stlth
                     g - +6 ring of dexterity
HPRegen 0.31/turn    I - ring of resist corrosion
MPRegen 0.09/turn

%: guardian spirit
@: slowed, very slow
A: sickness immunity, AC +8, negative energy resistance 1, electricity
resistance, torment resistance 1, petrification resistance
a: Renounce Religion, Heroism, Finesse, Duel


You were on level 10 of the Dungeon.
You worshipped Okawaru.
Okawaru was extremely pleased with you.
You visited 2 branches of the dungeon, and saw 12 of its levels.
You also visited: Sewer.

You collected 682 gold pieces.

Inventory:

Hand Weapons
 s - a +4 flail of freezing (weapon)
Missiles
 q - 21 boomerangs (quivered)
 t - 27 poisoned darts
 A - 2 throwing nets
 B - a dart of dispersal
 E - 2 curare-tipped darts
 G - 2 atropa-tipped darts
Armour
 c - a +0 buckler (worn)
 F - a +0 pair of gloves (worn)
 L - a +0 plate armour (worn)
 Q - a +0 pair of boots (worn)
 R - the +2 hat "Etuchedu" (worn) {rN+ Dex+3}
   (Okawaru gifted it to you on level 10 of the Dungeon)

   Dex:       It affects your dexterity (+3).
   rN:        It protects you from negative energy.
Jewellery
 b - the amulet "Tehupesy" (around neck) {Spirit rC+ rN+ MP-9 Int+7}
   (You found it on level 8 of the Dungeon)

   [amulet of guardian spirit]

   It causes incoming damage to be divided between your reserves of health and
   magic.
   Int:       It affects your intelligence (+7).
   rC:        It protects you from cold.
   rN:        It protects you from negative energy.
   MP:        It affects your magic capacity (-9).
 g - a +6 ring of dexterity (left hand)
 I - a ring of resist corrosion (right hand)
Wands
 P - a wand of flame (9)
Scrolls
 a - a scroll of fear {unknown}
 f - 5 scrolls of amnesia {unknown}
 h - 2 scrolls of noise {unknown}
 i - 11 scrolls of identify {unknown}
 j - 11 scrolls of teleportation {unknown}
 l - 2 scrolls of immolation {unknown}
 o - 3 scrolls of poison {unknown}
 p - a scroll of enchant armour {unknown}
 y - 2 scrolls of enchant weapon {unknown}
 C - 2 scrolls of blinking {unknown}
 H - a scroll of torment {unknown}
 K - 2 scrolls of vulnerability {unknown}
 M - 2 scrolls of butterflies {unknown}
 N - a scroll of revelation {unknown}
 S - a scroll of brand weapon {unknown}
Potions
 d - 3 potions of might
 e - 5 potions of haste {unknown}
 k - 2 potions of brilliance {unknown}
 m - a potion of degeneration {unknown}
 n - a potion of resistance {unknown}
 r - 2 potions of invisibility {unknown}
 u - 2 potions of enlightenment {unknown}
 v - 2 potions of curing {unknown}
 w - 2 potions of attraction {unknown}
 x - 2 potions of cancellation {unknown}
 z - 3 potions of magic {unknown}
 D - 6 potions of mutation {unknown}
 J - 2 potions of heal wounds {unknown}
 O - 2 potions of berserk rage {unknown}


   Skills:
 + Level 7.8 Fighting
 + Level 11.9 Maces & Flails
 + Level 0.4 Throwing
 + Level 9.1 Armour
 + Level 3.6 Dodging
 + Level 1.9 Stealth
 + Level 7.5 Shields
 + Level 5.0 Invocations


You had 10 spell levels left.
You didn't know any spells.
Your spell library contained the following spells:

 Spells                   Type           Power      Damage    Failure   Level
 Foxfire                  Conj/Fire      0%         2x1d4     98%         1
 Magic Dart               Conj           0%         1d3       98%         1
 Slow                     Hex            0%         N/A       98%         1
 Confusing Touch          Hex            0%         N/A       100%        3
 Dazzling Flash           Conj/Hex       0%         N/A       100%        3
 Gell's Gravitas          Tloc           0%         N/A       100%        3
 Mephitic Cloud           Conj/Pois/Air  0%         N/A       100%        3
 Teleport Other           Tloc           0%         N/A       100%        3
 Vampiric Draining        Necr           0%         2d6       100%        3
 Volatile Blastmotes      Fire/Tloc      0%         2d10      100%        3
 Cause Fear               Hex            0%         N/A       100%        4
 Passage of Golubria      Tloc           0%         N/A       100%        4
 Fireball                 Conj/Fire      0%         3d3       100%        5
 Yara's Violent Unravell  Hex/Tmut       0%         3d3       100%        5
 Dispersal                Tloc           0%         N/A       100%        6
 Plasma Beam              Fire/Air       0%         2x1d10    100%        6
 Starburst                Conj/Fire      0%         6d3       100%        6
 Maxwell's Capacitive Co  Air            0%         ∞         100%        8
 Call Imp                 Summ           Unusable   N/A       N/A         2
 Tukima's Dance           Hex            Unusable   N/A       N/A         3
 Dragon's Call            Summ           Unusable   N/A       N/A         9

Dungeon Overview and Level Annotations

Branches:
Dungeon (11/15)            Temple (1/1) D:4            Lair (0/5) D:8
    Orc (0/2) D:11          Sewer (visited)

Altars:
Ashenzari
Cheibriados
Dithmenos
Elyvilon
Fedhas
Gozag
Hepliaklqana
Kikubaaqudgha
Makhleb
Nemelex Xobeh
Okawaru
Qazlal
Ru
Sif Muna
Trog
Uskayaw
Vehumet
Wu Jian
Xom
Yredelemnul
Zin
The Shining One

Shops:
D:5 (   D:10 (

Annotations:
D:6 1 runed translucent door, Crazy Yiuf


Innate Abilities, Weirdness & Mutations

You are immune to sickness and miasma.
Your stone body is resilient. (AC +8)
You are immune to poison.
You resist negative energy. (rN+)
You are resistant to electric shocks. (rElec)
You are resistant to unholy torment.
You are immune to petrification.


Message History

You open the door.
There is an open door here.
Found a stone staircase leading up.
Okay, then.
A cyclops comes into view.
The cyclops shouts!
A cyclops is nearby!
The cyclops throws a large rock.
The large rock hits you!!
A wraith comes into view.
There is a stone staircase leading up here.
The cyclops throws a large rock.
The large rock hits you!!
The cyclops throws a large rock.
The large rock hits you!
* * * LOW HITPOINT WARNING * * *
You block the wraith's attack.
You climb upwards.
There is a stone staircase leading down here.
You sock the wraith!
The wraith is moderately damaged.
The wraith hits you but does no damage.
You closely miss the wraith.
The wraith is moderately damaged.
You hit the wraith. You freeze the wraith.
The wraith is heavily damaged.
The wraith hits you!
* * * LOW HITPOINT WARNING * * *
The wraith drains your vigour!
You feel yourself slow down.
You barely miss the wraith.
The wraith is heavily damaged.
The wraith hits you but does no damage.
You hit the wraith but do no damage.
The wraith is heavily damaged.
The wraith hits you.
* * * LOW HITPOINT WARNING * * *
The wraith drains your vigour!
You feel as though you will be slow longer.
The wraith closely misses you.
You barely miss the wraith.
The wraith is heavily damaged.
The wraith hits you!
You die...

.####.#### #.....#
######.##
..#......###.....# #.#
..#.#.#..........# #.#
..#.#.#..###.....# ###.#
.##.#....# #.....# #...#
.##.##...######### #.#.#
.##........#### #...#
.##...........#### ##.##
.##..#.....##.>W@## #.#
.........}.##.###.# #.#
###..#..........#.######.#
#..##.[..##.#..........#
###........##....#########
...####.<.....#### ##.#
######### #.# #.#


You could see a wraith.

Vanquished Creatures
  Pikel (D:6)
  A kobold demonologist (D:11)
  A komodo dragon (D:8)
  Grinder (Sewer)
  A troll (D:10)
  A shadow (D:11)
  Sigmund (D:2)
  2 wraiths (D:11)
  A basilisk (D:8)
  2 wyverns
  21 yaks
  2 steam dragons
  A water moccasin (D:6)
  An acid dragon (D:10)
  3 orc warriors
  A swamp drake (D:8)
  2 sky beasts
  2 black bears
  2 ogres
  3 centaurs
  A lemure (D:6)
  3 phantoms
  5 kobold brigands
  3 bullfrogs
  Blork the orc (D:6)
  An elf zombie (D:5)
  4 scorpions
  7 wights
  7 killer bees
  An electric eel (D:8)
  3 howler monkeys
  2 quasits (Sewer)
  A gnoll bouda (D:7)
  A human zombie (D:5)
  6 orc priests
  5 hounds
  2 jellies
  2 human skeletons (D:5)
  2 sleepcaps
  Jessica (D:2)
  Terence (D:2)
  10 orc wizards
  9 gnolls
  9 adders
  A shadow imp (Sewer)
  A white imp (D:6)
  6 ufetubi
  2 worms
  3 dart slugs
  34 orcs
  5 endoplasms
  5 giant cockroaches
  8 goblins
  6 jackals (D:1)
  5 quokkas
  3 training dummies (D:5)
  6 ball pythons
  5 bats
  3 frilled lizards
  29 kobolds
  A kobold zombie (Sewer)
  An orc skeleton (D:5)
  An orc zombie (D:5)
  12 rats
274 creatures vanquished.

Vanquished Creatures (others)
  An orc warrior (D:8)
  An endoplasm (Sewer)
2 creatures vanquished.

Grand Total: 276 creatures vanquished

Notes
Turn   | Place    | Note
-------+----------+-------------------------------------------
     0 | D:1      | AdnanSaban the Gargoyle Fighter began the quest for the
                  | Orb.
     0 | D:1      | Reached XP level 1. HP: 14/14 MP: 1/1
   102 | D:1      | Reached XP level 2. HP: 6/19 MP: 2/2
   845 | D:1      | Reached XP level 3. HP: 20/23 MP: 3/3
  1463 | D:2      | Noticed Jessica
  1470 | D:2      | Killed Jessica
  1471 | D:2      | Reached XP level 4. HP: 24/29 MP: 4/4
  1562 | D:2      | Reached skill level 3 in Maces & Flails
  1807 | D:2      | Found a faded altar of an unknown god.
  1862 | D:2      | Noticed Terence
  1871 | D:2      | Killed Terence
  1872 | D:2      | Reached XP level 5. HP: 22/33 MP: 5/5
  2006 | D:2      | Reached skill level 1 in Dodging
  2111 | D:2      | Reached skill level 4 in Maces & Flails
  2153 | D:2      | Noticed Sigmund
  2175 | D:2      | Killed Sigmund
  2176 | D:2      | Reached XP level 6. HP: 4/38 MP: 6/6
  2829 | D:3      | Reached skill level 5 in Maces & Flails
  3239 | D:3      | Found a sparkling altar of Nemelex Xobeh.
  3445 | D:4      | Found a staircase to the Ecumenical Temple.
  3456 | Temple   | Entered the Ecumenical Temple
  3468 | Temple   | Became a worshipper of Warmaster Okawaru
  3898 | D:4      | Reached XP level 7. HP: 27/43 MP: 7/7
  4757 | D:5      | Entered Level 5 of the Dungeon
  5014 | D:5      | Found Tayjyint's Firing Range.
  5032 | D:5      | Reached skill level 5 in Armour
  5083 | D:5      | Reached skill level 1 in Stealth
  5133 | D:5      | Reached skill level 6 in Maces & Flails
  5162 | D:5      | Found a glowing drain.
  5373 | Sewer    | Entered a sewer
  5464 | Sewer    | Found a burning altar of Makhleb.
  5475 | Sewer    | Reached * piety under Okawaru
  5476 | Sewer    | Reached XP level 8. HP: 46/48 MP: 8/8
  5480 | Sewer    | Noticed Grinder
  5485 | Sewer    | Paralysed by Grinder for 5 turns
  5511 | Sewer    | Paralysed by Grinder for 5 turns
  5516 | Sewer    | Killed Grinder
  5529 | Sewer    | Reached skill level 5 in Shields
  5729 | Sewer    | Reached skill level 5 in Fighting
  6080 | D:5      | Reached skill level 7 in Maces & Flails
  6218 | D:5      | Reached ** piety under Okawaru
  6493 | D:6      | Reached XP level 9. HP: 54/54 MP: 9/9
  6636 | D:6      | Found an ornate altar of the Wu Jian Council.
  6665 | D:6      | Reached skill level 8 in Maces & Flails
  6853 | D:6      | Noticed Blork the orc
  6869 | D:6      | Killed Blork the orc
  7078 | D:6      | Reached skill level 1 in Invocations
  7509 | D:6      | Noticed Pikel
  7521 | D:6      | Killed Pikel
  7521 | D:6      | Reached *** piety under Okawaru
  7654 | D:6      | Found a runed translucent door.
  7655 | D:6      | Noticed Crazy Yiuf
  7962 | D:7      | Reached skill level 9 in Maces & Flails
  8057 | D:7      | Noticed a two-headed ogre
  8423 | D:6      | Reached XP level 10. HP: 20/60 MP: 12/12
  9249 | D:7      | Reached **** piety under Okawaru
  9601 | D:8      | Identified the amulet "Tehupesy" {Spirit rC+ rN+ MP-9
                  | Int+7}
 10506 | D:8      | Reached skill level 10 in Maces & Flails
 10579 | D:8      | Reached ***** piety under Okawaru
 10580 | D:8      | Reached skill level 5 in Invocations
 10651 | D:8      | Found a staircase to the Lair.
 11041 | D:9      | Reached XP level 11. HP: 64/67 MP: 3/14
 11098 | D:9      | Identified the +1 robe of Compression {+Blink rN+ Int+4}
 11833 | D:10     | Entered Level 10 of the Dungeon
 11952 | D:10     | Reached skill level 11 in Maces & Flails
 12222 | D:10     | Found Eprow's Antique Weapon Shop.
 12397 | D:10     | Identified the +2 hat "Etuchedu" {rN+ Dex+3} (Okawaru
                  | gifted it to you on level 10 of the Dungeon)
 12397 | D:10     | Received a gift from Okawaru
 12572 | D:10     | Found a glowing silver altar of Zin.
 12944 | D:11     | Found a staircase to the Orcish Mines.
 13191 | D:11     | Noticed a cyclops
 13208 | D:10     | Slain by a wraith

Illustrated notes

Levels and vault maps discovered:
D:1:      lightli_arrival_lavapool, layout_basic, kennysheep_small_spiral
D:2:      kb_forest_paths, layout_basic, dilly_ecumenical_altar_fadedgnrine,
          uniq_jessica, uniq_terence, uniq_sigmund
D:3:      layout_loops_ring, nemelex_xobeh_ov_fountains_minmay,
          chequers_serial_rivers_micro_b
D:4:      layout_layer_cave, minmay_temple_entry_butterflies
D:5:      layout_loops_ring, nicolae_ossuary_entry_catacombs,
          gup_sewer_entry_spiral, nicolae_shop_firing_range
D:6:      layout_layer_cave, nzn_wu_jian_contemplation, uniq_grinder,
          uniq_crazy_yiuf_cottage, uniq_blork_the_orc, uniq_pikel
D:7:      layout_cave_pools, enter_bailey_2, minivault_5, nicolae_lava_and_water
D:8:      layout_layer_cave, erik_lair_dragon, lightli_minifort
D:9:      layout_roguey, kennysheep_generic_room_10
D:10:     layout_loops_cross, zin_treasury, serial_shops, shop
D:11:     layout_gridville, minmay_orc_entry_temple_small, serial_shops,
          bzr_entry_gold
Temple:   nicolae_temple_bog_church

Skill      XL: |  1  2  3  4  5  6  7  8  9 10 11 |
---------------+----------------------------------+-----
Maces & Flails | 3 4 5 6 7 9 10 11 | 11.9
Armour         | 4 5 6 7 9 |  9.1
Dodging        | 1 2 3 |  3.6
Fighting       | 4 5 6 7 |  7.8
Shields        | 4 5 6 7 |  7.5
Stealth        | 1 |  1.9
Invocations    | 3 5 |  5.0
Throwing       | |  0.4

Action                     |  1- 3 |  4- 6 |  7- 9 | 10-12 || total
---------------------------+-------+-------+-------+-------++-------
  Melee: Flail             |   110 |   159 |       |   439 ||   708
         Morningstar       |       |    21 |   395 |    47 ||   463
  Throw: Boomerang         |       |       |     3 |       ||     3
   Stab: Confused          |       |       |       |     1 ||     1
 Armour: Scale mail        |    64 |   103 |   312 |   119 ||   598
         Plate armour      |       |       |       |   174 ||   174
  Dodge: Dodged            |    68 |    90 |   267 |   175 ||   600
  Block: Buckler           |    23 |    53 |   186 |   137 ||   399

Table legend: (Time is in decaauts)
 A = Elapsed time spent in this place.
 B = Non-inter-level travel time spent in this place.
 C = Inter-level travel time spent in this place.
 D = Time resting spent in this place.
 E = Time spent auto-exploring this place.
 F = Levels seen in this place.
 G = Mean time per level.
                   A        B        C        D        E       F      G
               +--------+--------+--------+--------+--------+-----+--------+
         Total |  13420 |  12828 |    592 |    882 |   9483 |  13 | 1032.3 |
       Dungeon |  12902 |  12332 |    570 |    753 |   9288 |  11 | 1172.9 |
        Temple |     27 |      5 |     22 |      0 |      0 |   1 |   27.0 |
         Sewer |    491 |    491 |      0 |    129 |    195 |   1 |  491.0 |
               +--------+--------+--------+--------+--------+-----+--------+

Top non-repeatable levels by time:
     D:6: 1853 daAuts
     D:8: 1598 daAuts
     D:5: 1464 daAuts
     D:1: 1385 daAuts
     D:2: 1328 daAuts
     D:4: 1267 daAuts
     D:7: 1048 daAuts
     D:3: 828 daAuts
     D:9: 778 daAuts
    D:10: 756 daAuts
    D:11: 590 daAuts
   Sewer: 491 daAuts
  Temple: 27 daAuts
